 Dungeon Crawl Stone Soup version 0.30-a0-42-g806c11bf1d (webtiles) character file.

Game seed: 9168799199972438680

383 porpoise the Grasshopper (level 6, -1/51 HPs)
             Began as a Gnoll Warper on Aug 31, 2022.
             Succumbed to a scorpion's poison
             ... on level 4 of the Dungeon.
             The game lasted 00:12:12 (4268 turns).

porpoise the Grasshopper (Gnoll Warper)             Turns: 4268, Time: 00:12:13

Health: -1/51      AC:  6    Str: 12    XL:     6   Next: 76%
Magic:  23/23      EV: 11    Int: 13    God:
Gold:   220        SH:  0    Dex: 11    Spells: 13/15 levels left

rFire   + . .      SeeInvis .    n - +0 spear
rCold   . . .      Faith    .    (no shield)
rNeg    . . .      Spirit   .    e - +0 ring mail
rPois   .          Reflect  .    (no helmet)
rElec   .          Harm     .    b - +0 cloak
rCorr   .          Rampage  .    (no gloves)
Will    .....                    (no boots)
Stlth   +.........               (no amulet)
HPRegen 0.17/turn                f - ring of protection from fire
MPRegen 0.18/turn                q - ring of magical power

@: lethally poisoned (-1 -> -11)
A: fangs 1, strong nose, distributed training
a: no special abilities


You were on level 4 of the Dungeon.
You visited 1 branch of the dungeon, and saw 4 of its levels.

You collected 220 gold pieces.

Inventory:

Hand Weapons
 a - a +2 short sword of holy wrath
 n - a +0 spear (weapon)
Missiles
 d - 7 boomerangs of dispersal (quivered)
 o - 11 poisoned darts
 w - 9 boomerangs
Armour
 b - a +0 cloak (worn)
 e - a +0 ring mail (worn)
 m - a +0 helmet
 A - the +1 robe of Hopscotch {+Inv Str+3}
   (You found it on level 4 of the Dungeon)

   Str:       It affects your strength (+3).
   +Inv:      It lets you turn invisible.
Magical Staves
 r - a staff of cold
Jewellery
 f - a ring of protection from fire (left hand)
 q - a ring of magical power (right hand)
Scrolls
 c - a scroll of blinking
 h - a scroll of enchant weapon {unknown}
 i - 2 scrolls of teleportation {unknown}
 k - a scroll of identify {unknown}
 l - a scroll of amnesia {unknown}
 t - a scroll of vulnerability {unknown}
 u - 2 scrolls of noise {unknown}
 y - 2 scrolls of fear {unknown}
 B - a scroll of immolation {unknown}
Potions
 j - a potion of resistance
 p - a potion of brilliance {unknown}
 s - a potion of might {unknown}
 x - a potion of ambrosia {unknown}
 z - 2 potions of degeneration {unknown}


   Skills:
 + Level 5.1 Fighting
 + Level 2.2 Short Blades
 + Level 2.2 Long Blades
 + Level 2.2 Axes
 + Level 2.2 Maces & Flails
 + Level 5.1 Polearms
 + Level 2.2 Staves
 + Level 2.2 Ranged Weapons
 + Level 3.4 Throwing
 + Level 3.4 Armour
 + Level 5.1 Dodging
 + Level 2.2 Stealth
 + Level 2.2 Shields
 + Level 2.2 Unarmed Combat
 + Level 5.4 Spellcasting
 + Level 1.7 Conjurations
 + Level 1.7 Hexes
 + Level 1.7 Summonings
 + Level 1.7 Necromancy
 + Level 5.7 Translocations
 + Level 1.7 Transmutations
 + Level 1.7 Fire Magic
 + Level 1.7 Ice Magic
 + Level 1.7 Air Magic
 + Level 1.7 Earth Magic
 + Level 1.7 Poison Magic
 + Level 2.4 Invocations
 + Level 2.2 Evocations


You had 13 spell levels left.
You knew the following spells:

 Your Spells              Type           Power      Damage    Failure   Level
k - Blink                 Tloc           36%        N/A       5%          2

Your spell library contained the following spells:

 Spells                   Type           Power      Damage    Failure   Level
 Apportation              Tloc           36%        N/A       3%          1
 Gell's Gravitas          Tloc           18%        N/A       11%         3
 Lesser Beckoning         Tloc           18%        N/A       11%         3
 Teleport Other           Tloc           18%        N/A       11%         3
 Necrotise                Necr           32%        1d5       19%         1
 Summon Small Mammal      Summ           32%        N/A       19%         1
 Manifold Assault         Tloc           18%        N/A       69%         5
 Freezing Cloud           Conj/Ice/Air   4%         6-21      99%         5
 Simulacrum               Ice/Necr       4%         N/A       100%        6
 Polar Vortex             Ice            4%         N/A       100%        9


Dungeon Overview and Level Annotations

Branches:
Dungeon (4/15)
 Temple: D:4-7

Altars:
Cheibriados
Nemelex Xobeh
Okawaru
Qazlal
Trog

Shops:
D:1 *


Innate Abilities, Weirdness & Mutations

You have very sharp teeth.
Your uncanny sense of smell can sniff out nearby items.
Your experience applies equally to all skills.


Message History

You closely miss the scorpion.
The scorpion is lightly wounded.
The scorpion stings you but does no damage.
You closely miss the scorpion.
The scorpion is lightly wounded.
The scorpion closely misses you.
You hit the scorpion.
The scorpion is lightly wounded.
The scorpion stings you.
You are poisoned.
The scorpion poisons you!
You hit the scorpion.
The scorpion is lightly wounded.
You feel sick. The scorpion stings you.
* * * LOW HITPOINT WARNING * * *
Okay, then.
You hit the scorpion but do no damage. You punch the scorpion.
The scorpion is moderately wounded.
You feel sick.
The scorpion stings you but does no damage.
You hit the scorpion but do no damage.
The scorpion is moderately wounded.
You feel sick. The scorpion stings you.
* * * LOW HITPOINT WARNING * * *
You are lethally poisoned!
The scorpion poisons you!
You hit the scorpion. Your punch misses the scorpion.
The scorpion is moderately wounded.
* * * LOW HITPOINT WARNING * * *
You feel very sick. The scorpion stings you.
* * * LOW HITPOINT WARNING * * *
You hit the scorpion but do no damage.
The scorpion is moderately wounded.
* * * LOW HITPOINT WARNING * * *
You feel sick.
The scorpion stings you but does no damage.
You hit the scorpion but do no damage.
The scorpion is moderately wounded.
You die...

#.# #.# # #.#
.. #.# .). #.#
....
#######.##..$(.
.#..........#
.........###
####
........÷s@#
...##
........##.#
.....
........+.>#
##.#+
#.......##.#
....######.#
.... ###.# #
... #...# .
####'### #
#.....#


You could see a scorpion.

Vanquished Creatures
  Blork the orc (D:4)
  2 scorpions (D:4)
  An iguana (D:4)
  An orc wizard (D:3)
  6 adders
  3 gnolls (D:3)
  3 dart slugs
  2 worms
  5 orcs
  3 bats
  3 giant cockroaches
  8 goblins
  5 hobgoblins
  2 jackals (D:3)
  A quokka (D:3)
  4 ball pythons
  A frilled lizard (D:3)
  5 kobolds
  4 rats
60 creatures vanquished.

Notes
Turn   | Place    | Note
-------+----------+-------------------------------------------
     0 | D:1      | porpoise the Gnoll Warper began the quest for the Orb.
     0 | D:1      | Reached XP level 1. HP: 20/20 MP: 6/6
   270 | D:1      | Found Useaty's General Store.
   329 | D:1      | Reached XP level 2. HP: 26/26 MP: 7/7
  1100 | D:2      | Found an iron altar of Okawaru.
  1128 | D:2      | Reached skill level 5 in Spellcasting
  1128 | D:2      | Reached XP level 3. HP: 31/31 MP: 7/9
  1187 | D:2      | Learned a level 2 spell: Blink
  1231 | D:2      | Reached skill level 1 in Invocations
  1310 | D:2      | Found a faded altar of an unknown god.
  1399 | D:2      | Reached skill level 1 in Short Blades
  1399 | D:2      | Reached skill level 1 in Long Blades
  1399 | D:2      | Reached skill level 1 in Axes
  1399 | D:2      | Reached skill level 1 in Maces & Flails
  1399 | D:2      | Reached skill level 1 in Staves
  1399 | D:2      | Reached skill level 1 in Ranged Weapons
  1399 | D:2      | Reached skill level 1 in Stealth
  1399 | D:2      | Reached skill level 1 in Shields
  1399 | D:2      | Reached skill level 1 in Unarmed Combat
  1399 | D:2      | Reached skill level 1 in Evocations
  1790 | D:2      | Reached XP level 4. HP: 29/38 MP: 11/11
  2376 | D:3      | Found a sparkling altar of Nemelex Xobeh.
  2419 | D:3      | Reached skill level 1 in Conjurations
  2419 | D:3      | Reached skill level 1 in Hexes
  2419 | D:3      | Reached skill level 1 in Summonings
  2419 | D:3      | Reached skill level 1 in Necromancy
  2419 | D:3      | Reached skill level 1 in Transmutations
  2419 | D:3      | Reached skill level 1 in Fire Magic
  2419 | D:3      | Reached skill level 1 in Ice Magic
  2419 | D:3      | Reached skill level 1 in Air Magic
  2419 | D:3      | Reached skill level 1 in Earth Magic
  2419 | D:3      | Reached skill level 1 in Poison Magic
  2551 | D:3      | Found a snail-covered altar of Cheibriados.
  2604 | D:3      | Found a stormy altar of Qazlal.
  3000 | D:3      | Reached XP level 5. HP: 29/43 MP: 12/12
  3463 | D:3      | Noticed an ogre
  3501 | D:4      | Found a bloodstained altar of Trog.
  3520 | D:4      | Reached XP level 6. HP: 13/50 MP: 13/13
  3586 | D:4      | Noticed Blork the orc
  3616 | D:4      | Killed Blork the orc
  3617 | D:4      | Reached skill level 5 in Fighting
  3617 | D:4      | Reached skill level 5 in Polearms
  3617 | D:4      | Reached skill level 5 in Dodging
  3875 | D:4      | Identified the +1 robe of Hopscotch {+Inv Str+3}
  3970 | D:4      | HP: 2/51 [iguana (9)]
  4267 | D:4      | HP: 2/51 [poisoned by a scorpion]
  4268 | D:4      | Succumbed to a scorpion's poison

Illustrated notes

Levels and vault maps discovered:
D:1:      dpeg_arrival_three_bigger_balls, layout_loops_corners, serial_shops,
          nicolae_shop_crystal, nicolae_kite_square_tiling_tiny,
          grunt_decor_arrowhead
D:2:      layout_loops_ring, basic_altar, hellmonk_ecumenical_altar_zigzags,
          minmay_tiny_reverse_x
D:3:      layout_rooms, gammafunk_temple_overflow_claw, lemuel_round_altar,
          mainiacjoe_overflow_24_doors, nemelex_diamond_rough_becter
D:4:      layout_basic, mainiacjoe_overflow_tiny_flanked, reono_crystal_passage,
          uniq_blork_the_orc

Skill      XL: |  1  2  3  4  5  6 |
---------------+-------------------+-----
Spellcasting   | 5 |  5.4
Invocations    | 1 2 |  2.4
Short Blades   | 1 2 |  2.2
Long Blades    | 1 2 |  2.2
Axes           | 1 2 |  2.2
Maces & Flails | 1 2 |  2.2
Staves         | 1 2 |  2.2
Ranged Weapons | 1 2 |  2.2
Stealth        | 1 2 |  2.2
Shields        | 1 2 |  2.2
Unarmed Combat | 1 2 |  2.2
Evocations     | 1 2 |  2.2
Conjurations   | 1 |  1.7
Hexes          | 1 |  1.7
Summonings     | 1 |  1.7
Necromancy     | 1 |  1.7
Transmutations | 1 |  1.7
Fire Magic     | 1 |  1.7
Ice Magic      | 1 |  1.7
Air Magic      | 1 |  1.7
Earth Magic    | 1 |  1.7
Poison Magic   | 1 |  1.7
Throwing       | 3 |  3.4
Armour         | 3 |  3.4
Fighting       | 5 |  5.1
Polearms       | 5 |  5.1
Dodging        | 5 |  5.1
Translocations | |  5.7

Action                   |  1- 3 |  4- 6 || total
-------------------------+-------+-------++-------
Melee: Spear             |   100 |   108 ||   208
       Bite              |     9 |    19 ||    28
       Short sword       |    14 |   115 ||   129
       Punch             |       |    10 ||    10
  Use: Potion            |       |     6 ||     6
 Stab: Sleeping          |       |     1 ||     1
Armor: Ring mail         |    23 |    56 ||    79
       Skin              |       |    13 ||    13
Dodge: Dodged            |    45 |   111 ||   156

Table legend: (Time is in decaauts)
 A = Elapsed time spent in this place.
 B = Non-inter-level travel time spent in this place.
 C = Inter-level travel time spent in this place.
 D = Time resting spent in this place.
 E = Time spent auto-exploring this place.
 F = Levels seen in this place.
 G = Mean time per level.
                   A        B        C        D        E       F      G
               +--------+--------+--------+--------+--------+-----+--------+
         Total |   4241 |   4178 |     63 |   1339 |   2116 |   4 | 1060.2 |
       Dungeon |   4241 |   4178 |     63 |   1339 |   2116 |   4 | 1060.2 |
               +--------+--------+--------+--------+--------+-----+--------+

Top non-repeatable levels by time:
     D:3: 1239 daAuts
     D:2: 1188 daAuts
     D:1: 1057 daAuts
     D:4: 756 daAuts
